 Dungeon Crawl Stone Soup version 0.23.2-40-g277498a001 (webtiles) character file.

Game seed: 10429597666567167636

794 Emblim88 the Covert (level 7, -1/48 HPs)
             Began as an Octopode Assassin on Oct 17, 2019.
             Slain by Prince Ribbit (12 damage)
             ... on level 5 of the Dungeon.
             The game lasted 00:10:15 (4997 turns).

Emblim88 the Covert (Octopode Assassin)             Turns: 4997, Time: 00:10:15

Health: -1/48      AC:  2    Str: 10    XL:     7   Next: 89%
Magic:  7/7        EV: 15    Int: 13    God:
Gold:   282        SH:  0    Dex: 16    Spells: 6/6 levels left

rFire    . . .     SeeInvis .   a - +2 dagger
rCold    + . .     Gourm    .   (no shield)
rNeg     . . .     Faith    .   p - +1 hat
rPois    .         Spirit   .   (no amulet)
rElec    .         Reflect  .   e - ring of protection from cold
rCorr    .         Harm     .   (no ring)
MR       .....                  (no ring)
Stlth    +++++.....             (no ring)
HPRegen  0.16/turn              (no ring)
MPRegen  0.10/turn              (no ring)
                                (no ring)
                                (no ring)

@: flying (expiring)
A: almost no armour, stealthy swim, amphibious, 8 rings, constrict 8, camouflage
1, gelatinous body 1
a: no special abilities


You were on level 5 of the Dungeon.
You were not hungry.

You visited 1 branch of the dungeon, and saw 5 of its levels.
You also visited: Sewer.

You collected 282 gold pieces.

Inventory:

Hand Weapons
 a - a +2 dagger (weapon)
 b - a +0 blowgun
Missiles
 c - 11 poisoned needles (quivered)
 d - 2 curare-tipped needles
Armour
 p - a +1 hat (worn)
Jewellery
 e - a ring of protection from cold (left tentacle)
Scrolls
 h - a scroll of noise
 l - 3 scrolls of enchant armour
 m - 2 scrolls of teleportation
 n - 3 scrolls of identify
 r - 2 scrolls of amnesia {unknown}
Potions
 i - 2 potions of mutation
 j - 3 potions of flight
 q - a potion of brilliance {unknown}
Comestibles
 f - 6 rations


   Skills:
 + Level 4.2 Fighting
 + Level 4.2 Short Blades
 - Level 2.0 Throwing
 + Level 3.7 Dodging
 * Level 9.3 Stealth


You had 6 spell levels left.
You didn't know any spells.
Your spell library was empty.

Dungeon Overview and Level Annotations

Branches:
Dungeon (5/15)
 Temple: D:4-7

Altars:
Kikubaaqudgha
Uskayaw
Vehumet

Shops:
D:4 [%((

Annotations:
D:5 Eustachio, Grinder, Prince Ribbit


Innate Abilities, Weirdness & Mutations

You cannot wear most types of armour.
You are very stealthy in the water. (Stealth+)
You are amphibious.
You can wear up to eight rings at the same time.
You can use your tentacles to constrict eight enemies at once.
Your skin changes colour to match your surroundings (Stealth+).
Your rubbery body absorbs attacks. (AC +1, EV +1)


Message History

You are too injured to fight recklessly!
You miss Prince Ribbit. Your grab misses Prince Ribbit.
You squeeze Prince Ribbit!
Prince Ribbit is heavily wounded.
Prince Ribbit closely misses you.
You hit Prince Ribbit. You grab Prince Ribbit.
Prince Ribbit is heavily wounded.
You constrict Prince Ribbit.
Prince Ribbit blinks free!
Found 4 javelins.
Prince Ribbit catches a blue-tailed skink with his tongue.
Prince Ribbit barely misses you.
You hit Prince Ribbit. Your grab misses Prince Ribbit.
Prince Ribbit is severely wounded.
Prince Ribbit mumbles some strange words.
Prince Ribbit looks slightly unstable.
You barely miss Prince Ribbit. Your grab misses Prince Ribbit.
You squeeze Prince Ribbit.
Prince Ribbit is almost dead.
Prince Ribbit hits you!
You die...

#.# .# #.###.## #......##
.. #.......# #######.
#....#### #.##......
#....######...##......
#.#.............##......
#............#..##......
....####@####....##....†.
##.. #..F..##..#.##......
#..#.......#..#.##......
# #.......#..#.#######.
....._...[[.#>#######.
..#.......#.[.%.5......
...#......(#..#.########
.. ##.....##..#.#.......
#..#.#.###..5


You could see Prince Ribbit.

Vanquished Creatures
  Edmund (D:4)
  An orc warrior (D:5)
  2 ogres
  A big kobold (Sewer)
  A bullfrog (D:4)
  A hound (D:5)
  2 orc wizards (D:5)
  3 worker ants
  A hound skeleton (D:5)
  3 adders
  An ooze (D:3)
  2 worms
  A dart slug (D:4)
  2 leopard geckos
  2 orcs (D:5)
  9 bats
  3 giant cockroaches
  2 goblins
  7 hobgoblins
  9 jackals
  5 quokkas
  2 ball pythons
  5 frilled lizards
  6 kobolds
  11 rats
83 creatures vanquished.

Vanquished Creatures (others)
  A human (D:2)
1 creature vanquished.

Grand Total: 84 creatures vanquished

Notes
Turn   | Place    | Note
-------+----------+-------------------------------------------
     0 | D:1      | Emblim88 the Octopode Assassin began the quest for the Orb.
     0 | D:1      | Reached XP level 1. HP: 14/14 MP: 1/1
   290 | D:1      | Reached XP level 2. HP: 17/19 MP: 2/2
   878 | D:2      | Reached XP level 3. HP: 24/24 MP: 3/3
   987 | D:2      | Reached skill level 6 in Stealth
  1509 | D:2      | Found an ancient bone altar of Kikubaaqudgha.
  1510 | D:2      | Noticed a human
  1512 | D:2      | Killed a human
  1834 | D:3      | Reached XP level 4. HP: 28/30 MP: 4/4
  2237 | D:4      | Found Koteajaosa's Food Emporium.
  2335 | D:4      | Found Umanast's Antique Armour Shop.
  2376 | D:4      | Found a glowing drain.
  2391 | Sewer    | Entered a sewer
  2455 | Sewer    | Noticed a big kobold
  2508 | Sewer    | Killed a big kobold
  2508 | Sewer    | Reached skill level 7 in Stealth
  2508 | Sewer    | Reached XP level 5. HP: 31/36 MP: 5/5
  2571 | Sewer    | Found a white marble altar of Elyvilon.
  2657 | D:4      | Noticed Edmund
  2677 | D:4      | Killed Edmund
  2677 | D:4      | Reached XP level 6. HP: 13/42 MP: 6/6
  2915 | D:4      | Found Baseotwa's Weapon Boutique.
  3570 | D:4      | Reached skill level 8 in Stealth
  3584 | D:4      | Found Mos Xoma's Weapon Boutique.
  3638 | D:4      | Reached XP level 7. HP: 47/47 MP: 7/7
  3977 | D:5      | Entered Level 5 of the Dungeon
  3977 | D:5      | Noticed Eustachio
  4203 | D:5      | Found a hide-covered altar of Uskayaw.
  4280 | D:5      | Found a radiant altar of Vehumet.
  4287 | D:5      | Noticed Grinder
  4664 | D:5      | Reached skill level 9 in Stealth
  4966 | D:5      | Noticed Prince Ribbit
  4986 | D:5      | HP: 2/48 [Prince Ribbit (19)]
  4997 | D:5      | Slain by Prince Ribbit

Skill      XL: |  1  2  3  4  5  6  7 |
---------------+----------------------+-----
Stealth        | 6 7 8 9 |  9.3
Fighting       | 3 4 |  4.2
Short Blades   | 3 4 |  4.2
Dodging        | 2 3 |  3.7
Throwing       | |  2.0

Action                   |  1- 3 |  4- 6 |  7- 9 || total
-------------------------+-------+-------+-------++-------
Melee: Dagger            |    81 |    70 |    54 ||   205
       Constrict         |    21 |    12 |     9 ||    42
       Tentacles         |     7 |    20 |    12 ||    39
 Fire: Blowgun           |       |    14 |       ||    14
  Use: Scroll            |       |     7 |       ||     7
       Potion            |       |     1 |     8 ||     9
 Stab: Sleeping          |    17 |     7 |     7 ||    31
       Distracted        |       |     1 |       ||     1
  Eat: Ration            |     1 |     1 |     1 ||     3
       Chunk             |       |     2 |       ||     2
Armor: Skin              |     3 |     2 |       ||     5
Dodge: Dodged            |    40 |    35 |    36 ||   111
